 Dungeon Crawl Stone Soup version 0.30-a0-772-g5528072125 (webtiles) character file.

Game seed: 8353063599213029395

19 lessens the Caller (level 2, 0/23 HPs)
             Began as a Draconian Wanderer on Feb 12, 2023.
             Killed by nerve-wracking pain
             ... invoked by Jessica
              (3 damage)
             ... on level 2 of the Dungeon.
             The game lasted 00:01:29 (839 turns).

lessens the Caller (Draconian Wanderer)              Turns: 839, Time: 00:01:29

Health: 0/23       AC:  4    Str: 13    XL:     2   Next: 55%
Magic:  5/5        EV: 11    Int: 12    God:
Gold:   38         SH:  0    Dex: 11    Spells: 5/5 levels left

rFire   . . .      SeeInvis .    j - +0 mace
rCold   . . .      Faith    .    (no shield)
rNeg    . . .      Spirit   .    (body armour unavailable)
rPois   .          Reflect  .    (helmet restricted)
rElec   .          Harm     .    (no cloak)
rCorr   +          Rampage  .    (no gloves)
Will    .....                    (no boots)
Stlth   +                        (no amulet)
HPRegen 0.23/turn                g - ring of resist corrosion
MPRegen 0.09/turn                (no ring)

@: no status effects
A: AC +4, unfitting armour, cold-blooded
a: no special abilities


You were on level 2 of the Dungeon.
You visited 1 branch of the dungeon, and saw 2 of its levels.

You collected 38 gold pieces.

Inventory:

Hand Weapons
 a - a +0 dagger
 d - a +0 club
 j - a +0 mace (weapon)
Missiles
 b - 10 poisoned darts (quivered)
 i - 25 stones
Jewellery
 g - a ring of resist corrosion (left hand)
Scrolls
 e - 2 scrolls of teleportation {unknown}
 f - 3 scrolls of enchant weapon {unknown}
 l - a scroll of blinking {unknown}
Potions
 c - a potion of lignification
 h - a potion of berserk rage {unknown}
 k - 2 potions of curing {unknown}


   Skills:
 - Level 1.1 Fighting
 + Level 2.3 Maces & Flails
 - Level 1.0 Throwing
 - Level 1.0 Dodging
 - Level 2.0 Spellcasting
 - Level 3.0 Summonings
 - Level 2.0 Fire Magic


You had 5 spell levels left.
You didn't know any spells.
Your spell library contained the following spells:

 Spells                   Type           Power      Damage    Failure   Level
 Summon Small Mammal      Summ           32%        N/A       8%          1
 Foxfire                  Conj/Fire      12%        2x1d4     19%         1
 Call Canine Familiar     Summ           8%         N/A       24%         3
 Kindle Blastsparks       Fire/Tloc/Air  4%         2d10      54%         3
 Flame Wave               Conj/Fire      3%         2d5       87%         4


Dungeon Overview and Level Annotations

Branches:
Dungeon (2/15) Zot: 11145

Altars:

Annotations:
D:1 1 transporter
D:2 Jessica


Innate Abilities, Weirdness & Mutations

Your plain brown scales are hard. (AC +4)
You cannot fit into any form of body armour.
You are cold-blooded and may be slowed by cold attacks.


Message History

There is a stone staircase leading up here.
Jessica gestures wildly while chanting.
Jessica blinks!
You climb upwards.
Level annotation: 1 transporter
There is a stone staircase leading down here.
HP restored.
There is a stone staircase leading down here.
You climb downwards.
Level annotation: Jessica
Found 6 gold pieces and 9 stones.
There is a stone staircase leading up here.
You now have 38 gold pieces (gained 6).
i - 25 stones (gained 9)
Found a stone staircase leading down.
Jessica shouts!
Jessica hits you with a +4 dagger of holy wrath.
You barely miss Jessica. Jessica completely misses you.
Jessica barely misses you.
You hit Jessica.
Jessica is severely wounded.
Jessica hits you with a +4 dagger of holy wrath.
You hit Jessica but do no damage.
Your tail-slap misses Jessica.
Jessica is severely wounded.
Jessica hits you with a +4 dagger of holy wrath!
You hit Jessica.
Jessica is almost dead.
Jessica hits you with a +4 dagger of holy wrath.
* * * LOW HITPOINT WARNING * * *
Jessica mumbles some strange words.
Jessica blinks!
You aren't carrying any items that you can evoke.
Throw: 11 darts (poison)
Press: ? - help, Q - select action, (/) - cycle Shift-Dir - straight line, f - Jessica
Aim: Jessica, wielding a +4 dagger of holy wrath and wearing a +0 robe (almost dead, 54% to hit)
You throw a poisoned dart. The poisoned dart hits Jessica.
Jessica is poisoned.
Jessica is almost dead.
Jessica points at you and mumbles some strange words.
Pain shoots through your body!
You die...

. .. .... .. .## >#
##.# ..
..##.###.<####
.###............#
..........†..#.#
..###.#......w.......
.....#.#..@.#...##.#♣
#.....##.###.# ♣
##.@####. ....
#.....##.......
#####...#.........##
.........###...#.
.###...............
.........<..##..###
..........###....
###...............
..^............##.


You could see a dart slug and Jessica (poisoned).

Vanquished Creatures
  2 bats (D:1)
  An endoplasm (D:1)
  2 giant cockroaches (D:1)
  2 goblins (D:1)
  2 hobgoblins (D:1)
  A kobold (D:1)
  A quokka (D:1)
  2 ball pythons (D:1)
  2 frilled lizards (D:1)
  2 rats
17 creatures vanquished.

Notes
Turn   | Place    | Note
-------+----------+-------------------------------------------
     0 | D:1      | lessens the Draconian Wanderer began the quest for the Orb.
     0 | D:1      | lessens set off with the following items: a +0 dagger, 11
                  | poisoned darts, a potion of lignification; and the
                  | following spells available to memorise: Summon Small
                  | Mammal, Foxfire, Call Canine Familiar, Kindle Blastsparks,
                  | Flame Wave.
     0 | D:1      | Reached XP level 1. HP: 16/16 MP: 3/3
    93 | D:1      | Reached skill level 1 in Maces & Flails
   154 | D:1      | Reached XP level 2. HP: 8/23 MP: 5/5
   759 | D:2      | Noticed Jessica
   839 | D:2      | Killed from afar by Jessica

Illustrated notes

Levels and vault maps discovered:
D:1:      spicycebolla_arrival_risky_transporter, layout_basic,
          minmay_fountain_box
D:2:      layout_rooms, serial_bayou, serial_bayou_ford_a, serial_bayou_shore_a,
          serial_bayou_lagoon_a, serial_bayou_pond_c, basic_altar, uniq_sigmund,
          uniq_jessica

Skill      XL: |  1  2 |
---------------+-------+-----
Maces & Flails | 1 2 |  2.3
Fighting       | |  1.1
Throwing       | |  1.0
Dodging        | |  1.0
Spellcasting   | |  2.0
Summonings     | |  3.0
Fire Magic     | |  2.0

Action                     || total
---------------------------++-------
  Melee: Dagger            ||    31
         Tailslap          ||     6
         Mace              ||    41
  Throw: Dart              ||     1
 Armour: Skin              ||    30
  Dodge: Dodged            ||    44

Table legend: (Time is in decaauts)
 A = Elapsed time spent in this place.
 B = Non-inter-level travel time spent in this place.
 C = Inter-level travel time spent in this place.
 D = Time resting spent in this place.
 E = Time spent auto-exploring this place.
 F = Levels seen in this place.
 G = Mean time per level.
                   A        B        C        D        E       F      G
               +--------+--------+--------+--------+--------+-----+--------+
         Total |    853 |    786 |     67 |     77 |    504 |   2 |  426.5 |
       Dungeon |    853 |    786 |     67 |     77 |    504 |   2 |  426.5 |
               +--------+--------+--------+--------+--------+-----+--------+

Top non-repeatable levels by time:
     D:1: 811 daAuts
     D:2: 41 daAuts
